 Dungeon Crawl Stone Soup version 0.18-a0-1396-g8753ca6 (webtiles) character file.

13603 4thArraOfDagon the Grappler (level 12, -7/91 HPs)
             Began as a Ghoul Abyssal Knight on Feb 23, 2016.
             Was an Elder of Lugonu.
             Mangled by a sun demon (14 damage)
             ... summoned by an orc high priest
             ... on level 1 of the Orcish Mines.
             The game lasted 00:39:46 (9539 turns).

4thArraOfDagon the Grappler (Ghoul Abyssal Knight)  Turns: 9539, Time: 00:39:47

Health: -7/91      AC: 15    Str: 17      XL:     12   Next: 7%
Magic:  26/26      EV:  9    Int:  9 (10) God:    Lugonu [****..]
Gold:   1362       SH:  0    Dex:  9      Spells: 0 memorised, 11 levels left

rFire  . . .     SeeInvis .       - Unarmed
rCold  + . .     Gourm    .     i - +0 chain mail
rNeg   + + +     Faith    .     (no shield)
rPois  ∞         Spirit   .     o - +0 helmet (curse)
rElec  .         Dismiss  .     I - +2 cloak {rPois}
rCorr  .         Reflect  .     (no gloves)
SustAt .         Harm     .     (no boots)
MR     .....                    S - amulet of inaccuracy (curse)
Stlth  ..........               q - +3 ring of slaying
                                G - ring of magical power

@: rotting, not resistant to hostile enchantments, extremely unstealthy
A: rotting body, claws 1, carnivore 3, cold resistance 1, negative energy
resistance 3, slow regeneration 1, torment resistance, unbreathing
a: Depart the Abyss, Bend Space, Banish, Corrupt, Renounce Religion


You were on level 1 of the Orcish Mines.
You worshipped Lugonu.
Lugonu was greatly pleased with you.
You were not hungry.

You visited 2 branches of the dungeon, and saw 15 of its levels.
You visited the Abyss 1 time.

You collected 1638 gold pieces.
You spent 276 gold pieces at shops.

Inventory:

Hand Weapons
 x - a +1 blowgun
 O - a +2 hand axe of flaming
 P - a +0 blowgun
 T - the +7 battleaxe of Etaciu {speed, Int+5 SInv}
   (You bought it in a shop on level 12 of the Dungeon)

   Attacks with this weapon are significantly faster.
   It affects your intelligence (+5).
   It lets you see invisible.
Missiles
 h - 3 silver javelins (quivered)
 s - 5 javelins
 y - 51 poisoned needles
 C - 3 throwing nets
Armour
 i - a +0 chain mail (worn)
 o - a cursed +0 helmet (worn)
 I - a +2 cloak of poison resistance (worn)
Jewellery
 a - an uncursed amulet of rage
 q - a +3 ring of slaying (right claw)
 G - a ring of magical power (left claw)
 M - an uncursed ring of wizardry
 S - a cursed amulet of inaccuracy (around neck)
Wands
 F - a wand of lightning (5/15)
 H - a wand of confusion (19/48)
 J - a wand of polymorph (8/24)
 K - a wand of disintegration (15/24)
 L - a wand of paralysis (10/24)
 Q - a wand of flame (27/48)
Scrolls
 f - a scroll of magic mapping
 l - 4 scrolls of amnesia
 m - 3 scrolls of noise
 t - 3 scrolls of immolation
 w - 3 scrolls of enchant armour
 A - a scroll of identify
 R - a scroll of random uselessness {unknown}
Potions
 e - 4 potions of curing
 g - a potion of might
 j - 2 potions of flight
 k - a potion of heal wounds
 r - a potion of resistance
 u - 2 potions of agility
 v - a potion of cancellation
 z - a potion of magic
 B - a potion of brilliance
 E - 2 potions of haste
Books
 d - a book of Flames

   Spells                             Type                      Level
   a - Flame Tongue                   Conjuration/Fire             1
   b - Throw Flame                    Conjuration/Fire             2
   c - Conjure Flame                  Conjuration/Fire             3
   d - Inner Flame                    Hexes/Fire                   3
   e - Sticky Flame                   Conjuration/Fire             4
   f - Fireball                       Conjuration/Fire             5
 N - a book of Ice

   Spells                             Type                      Level
   a - Ice Form                       Ice/Transmutation            4
   b - Metabolic Englaciation         Hexes/Ice                    5
   c - Ozocubu's Refrigeration        Ice                          6
   d - Bolt of Cold                   Conjuration/Ice              6
   e - Freezing Cloud                 Conjuration/Ice/Air          6
   f - Simulacrum                     Ice/Necromancy               6
Comestibles
 b - 10 meat rations
 n - a royal jelly
 p - 2 beef jerkies
 D - 8 slices of pizza


   Skills:
 - Level 4.2 Fighting
 * Level 4.8 Axes
 + Level 8.2 Armour
 - Level 7.1 Dodging
 - Level 12.5 Unarmed Combat
 - Level 9.0 Invocations


You had 11 spell levels left.
You didn't know any spells.

Dungeon Overview and Level Annotations

Branches:
Dungeon (13/15)            Temple (0/1) D:6            Lair (0/8) D:8
    Orc (2/2) D:12            Elf (0/3) Orc:2
 Vaults: D:13-14

Altars:
Ashenzari
Cheibriados
Dithmenos
Fedhas
Makhleb
Pakellas
Qazlal
Ru
Xom
Yredelemnul

Shops:
D:12 ([

Annotations:
D:4 Dirian's ghost, novice MiFi
D:8 exclusions: electric eel and 1 more exclusion
D:11 exclusion: downstairs, 4thArraOfDagon's ghost, novice DgFi


Innate Abilities, Weirdness & Mutations

Your body is rotting away.
You thrive on raw meat.
You are immune to poison.
You have sharp fingernails.
You are carnivorous and can eat meat at any time.
Your flesh is cold resistant.
You are immune to negative energy.
You regenerate slowly when monsters are visible.
You are immune to unholy pain and torment.
You can survive without breathing.


Message History

The orc high priest is almost dead.
The sun demon hits you but does no damage.
The red devil hops backward while attacking.
The red devil hits you from afar with a demon trident of flaming!
The red devil burns you.
Unknown command.
Your chain mail prevents you from hitting the orc high priest.
The orc high priest is almost dead.
The orc high priest invokes the aid of Beogh against you.
You are unaffected.
The sun demon hits you but does no damage.
Unknown command.
Unknown command.
You completely miss the orc high priest.
The orc high priest is almost dead.
The red devil hits you from afar with a demon trident of flaming.
The red devil burns you. The sun demon hits you!!
* * * LOW HITPOINT WARNING * * *
You are engulfed in flames!
You die...

##....######## ####...##
##)##....##.#.# ##.##..#.##
#.).).......... #.........#
##..).....#.... ##.##.##.##
###..........####...#.####
##....................# #
#####.........3..4........#.##
##..###.....#..o).............##
.....#.........3@[.............#
....##..........[..........#....#
.##.##......#.............####.##
##..........#..............# ##
#......................#..#
##..#........................
###................#........
#.....#..........##......##
##.#.##...........##....##


You could see an orc high priest, a sun demon, a ynoxinul and a red devil.

Vanquished Creatures
  A hydra (D:9)
  Pikel (D:8)
  A hill giant (D:11)
  2 orc sorcerers
  A troll (Orc:1)
  10 yaks
  Eustachio (D:6)
  A hungry ghost (D:11)
  2 hippogriffs
  A steam dragon (D:12)
  2 vampire mosquitoes (D:11)
  4 wargs
  A slave (D:8)
  9 orc warriors
  6 ice beasts
  A black bear (D:6)
  2 sky beasts
  A wasp (D:10)
  A phantom (D:9)
  A necrophage (D:10)
  3 ogres
  3 centaurs
  4 big kobolds
  A gnoll sergeant (D:7)
  5 giant frogs
  3 howler monkeys
  5 scorpions
  4 killer bees (D:7)
  7 crimson imps
  A centaur zombie (D:6)
  A jelly (D:5)
  20 orc wizards
  Crazy Yiuf (D:7)
  15 orc priests
  A gnoll shaman (D:4)
  5 hounds
  3 centaur skeletons
  2 iguanas
  7 worker ants
  2 sheep (D:9)
  A giant frog simulacrum (D:8)
  A hound zombie (D:7)
  12 gnolls
  13 adders
  2 shadow imps
  An ufetubus (D:8)
  3 oozes
  An adder skeleton (D:4)
  A dart slug (D:2)
  5 giant geckos
  97 orcs
  6 bats
  6 giant cockroaches
  4 goblins
  6 hobgoblins
  10 jackals
  6 quokkas
  3 ball pythons
  2 giant newts
  10 kobolds
  A quokka skeleton (D:6)
  A quokka zombie (D:6)
  6 rats
  A fungus (D:7)
341 creatures vanquished.

Vanquished Creatures (others)
  A death knight (D:12)
  An unseen horror (D:10)
  2 orc knights
  An orange crystal statue (D:2)
  An ugly thing (D:12)
  An efreet (D:11)
  2 yaks (D:8)
  A mottled dragon (D:11)
  3 orc warriors
  A crocodile (D:12)
  2 killer bees (D:7)
  An orc priest (D:4)
  5 sheep (D:6)
  A fungus (D:7)
  5 plants (D:8)
28 creatures vanquished.

Grand Total: 369 creatures vanquished

Notes
Turn   | Place    | Note
--------------------------------------------------------------
     0 | Abyss:1  | 4thArraOfDagon the Ghoul Abyssal Knight began the quest for the Orb.
     0 | Abyss:1  | Reached XP level 1. HP: 19/19 MP: 1/1
    42 | Abyss:1  | Noticed a chaos spawn
    45 | D:1      | Escaped the Abyss
    90 | D:1      | Reached * piety under Lugonu
   138 | D:1      | Reached skill level 1 in Dodging
   138 | D:1      | Reached XP level 2. HP: 16/26 MP: 2/2
   360 | D:1      | Reached XP level 3. HP: 31/33 MP: 3/3
   633 | D:2      | Found a basalt altar of Yredelemnul.
   650 | D:2      | Found a sacrificial altar of Ru.
   779 | D:2      | Reached skill level 3 in Unarmed Combat
   779 | D:2      | Reached XP level 4. HP: 33/40 MP: 4/4
   782 | D:2      | Found an oddly glowing altar of Pakellas.
   782 | D:2      | Noticed an orange crystal statue
   783 | D:2      | Noticed a wyvern
   797 | D:2      | Killed an orange crystal statue
   833 | D:2      | Reached ** piety under Lugonu
   976 | D:2      | Found a shadowy altar of Dithmenos.
  1389 | D:3      | Reached XP level 5. HP: 44/46 MP: 6/6
  1659 | D:4      | Reached *** piety under Lugonu
  1662 | D:4      | Reached skill level 4 in Unarmed Combat
  1673 | D:4      | Reached XP level 6. HP: 22/51 MP: 2/7
  1827 | D:4      | Noticed Dirian's ghost (novice MiFi)
  2061 | D:4      | Reached skill level 5 in Unarmed Combat
  2061 | D:4      | Reached XP level 7. HP: 35/58 MP: 8/8
  2300 | D:5      | Entered Level 5 of the Dungeon
  2676 | D:5      | Reached **** piety under Lugonu
  2895 | D:6      | Found a burning altar of Makhleb.
  2998 | D:6      | Found a shimmering altar of Xom.
  3032 | D:6      | Noticed Eustachio
  3061 | D:6      | Killed Eustachio
  3061 | D:6      | Reached skill level 6 in Unarmed Combat
  3061 | D:6      | Reached XP level 8. HP: 58/66 MP: 10/10
  3354 | D:6      | Found a staircase to the Ecumenical Temple.
  3388 | D:6      | Reached skill level 7 in Unarmed Combat
  3388 | D:6      | Reached skill level 5 in Invocations
  3937 | D:7      | Noticed Joseph
  4034 | D:7      | Reached skill level 8 in Unarmed Combat
  4034 | D:7      | Reached XP level 9. HP: 47/71 MP: 12/12
  4715 | D:7      | Reached skill level 5 in Armour
  4794 | D:8      | Reached skill level 9 in Unarmed Combat
  4849 | D:7      | Noticed Crazy Yiuf
  4856 | D:7      | Killed Crazy Yiuf
  4922 | D:7      | Noticed Joseph
  4922 | D:7      | Joseph changed into Joseph the big kobold
  4930 | D:7      | Killed Joseph the big kobold
  5103 | D:7      | Reached skill level 5 in Dodging
  5186 | D:8      | Reached ***** piety under Lugonu
  5239 | D:8      | Found a shattered altar of Ashenzari.
  5262 | D:8      | Found a staircase to the Lair.
  5276 | D:8      | Noticed a komodo dragon
  5348 | D:8      | Noticed Pikel
  5377 | D:8      | Killed Pikel
  5377 | D:8      | Reached skill level 10 in Unarmed Combat
  5377 | D:8      | Reached XP level 10. HP: 74/79 MP: 14/14
  5738 | D:9      | Found a blossoming altar of Fedhas.
  5740 | D:9      | Found a stormy altar of Qazlal.
  5771 | D:10     | Entered Level 10 of the Dungeon
  6458 | D:9      | Reached skill level 11 in Unarmed Combat
  6473 | D:9      | Noticed a three-headed hydra
  6478 | D:9      | Killed a one-headed hydra
  6479 | D:9      | jacquesderrida: THE ULTYMATE RESISTANCES OF THE GHOUL COMBINED WITH POWYRFUL CLAW ATTACKS + RANGED SUPERIORITY FROM OF THE ARKANE MARKSPERSON MAKES THE GHAM THE POWER CLASS OF 0.8, 0.10, AND 0.11. GO FOR SPLINT MAIL FOR MAXIMUM PROTECTION + FLEXIBILITY // - THIS GUIDE BY SLAUGHTRO POWER CRAWLMASTER X
  6714 | D:11     | Noticed 4thArraOfDagon's ghost (novice DgFi)
  6827 | D:10     | Reached XP level 11. HP: 78/84 MP: 16/16
  7003 | D:10     | Banished an unseen horror
  7071 | D:11     | Found a snail-covered altar of Cheibriados.
  7071 | D:11     | Found a shadowy altar of Dithmenos.
  7081 | D:11     | Noticed a phantasmal warrior
  7087 | D:11     | Noticed a deep troll earth mage
  7089 | D:11     | Banished a deep troll earth mage
  7354 | D:12     | Found a stormy altar of Qazlal.
  7429 | D:12     | Noticed a death knight
  7442 | D:12     | Banished a death knight
  7443 | D:12     | Reached skill level 12 in Unarmed Combat
  7733 | D:12     | Noticed a brown ugly thing
  7840 | D:11     | Noticed a hill giant
  7849 | D:11     | Killed a hill giant
  8021 | D:13     | Noticed a centaur warrior
  8021 | D:13     | Noticed a centaur warrior
  8107 | D:12     | Found Nuofous's Antique Armour Shop.
  8252 | D:12     | Banished a brown ugly thing
  8280 | D:12     | Found Ikhoguok's Antique Weapon Shoppe.
  8310 | D:12     | Bought an encrusted battleaxe for 276 gold pieces
  8310 | D:12     | Identified the +7 battleaxe of Etaciu {speed, Int+5 SInv} (You bought it in a shop on level 12 of the Dungeon)
  8311 | D:12     | meh
  8391 | D:12     | Reached skill level 1 in Axes
  8433 | D:12     | Found a staircase to the Orcish Mines.
  8477 | Orc:1    | Entered Level 1 of the Orcish Mines
  8477 | Orc:1    | Noticed an orc sorcerer
  8483 | Orc:1    | Paralysed by an orc sorcerer for 5 turns
  8496 | Orc:1    | Killed an orc sorcerer
  8543 | Orc:1    | Noticed an orc sorcerer
  8583 | Orc:1    | Noticed a sun demon
  8599 | D:12     | Killed an orc sorcerer
  8637 | Orc:1    | Noticed an orc knight
  8694 | D:12     | Banished an orc knight
  8937 | Orc:2    | Entered Level 2 of the Orcish Mines
  9159 | Orc:2    | Found a staircase to the Elven Halls.
  9202 | Orc:2    | Reached XP level 12. HP: 45/91 MP: 17/17
  9361 | Orc:2    | Noticed an orc high priest
  9534 | Orc:1    | Noticed a sun demon
  9539 | Orc:1    | Mangled by a sun demon

Vault maps used:
D:1:      dpeg_arrival_rhombus
D:2:      yredelemnul_altar_generic, nicolae_ru_sacrificial_ziggurat,
          grunt_dithmenos_smoke_and_mirrors,
          gammafunk_pakellas_statue_experiment
D:3:      hex_tiny
D:4:      kennysheep_mini_moat, first_bread, minivault_1
D:6:      lemuel_crystal_altar, kb_xom_exploding_sheep,
          minmay_temple_entry_glassed_door, kennysheep_generic_room_12,
          uniq_eustachio
D:7:      uniq_joseph, uniq_crazy_yiuf_cottage
D:8:      david_lair_shrubbed, serial_ice, serial_ice_g, serial_ice_h,
          serial_ice_b, serial_ice_e, serial_ice_l,
          nicolae_ashenzari_panopticon, uniq_prince_ribbit1, uniq_erolcha,
          uniq_psyche, uniq_pikel
D:9:      grunt_temple_overflow_forces_of_nature, special_room, hangedman_ranch,
          minmay_misc_feat_cross
D:11:     boulder_corridor_run, jmf_multi_god_temple
D:12:     hiddenorc1_lemuel, serial_shops, shop, kennysheep_mini, shop_statue,
          shop, nicolae_qazlal_general_emergency
Orc:2:    st_orc_congregation, minmay_orc_temple_c
Abyss:1:  minivault_5

Skill      XL: |  1  2  3  4  5  6  7  8  9 10 11 |
---------------+----------------------------------+-----
Dodging        | 1 2 3 4 5 6 7 |  7.1
Armour         | 2 3 4 5 6 8 |  8.2
Unarmed Combat | 3 4 5 6 8 10 11 12 | 12.5
Invocations    | 3 4 5 6 8 9 |  9.0
Fighting       | 4 |  4.2
Axes           | 4 |  4.8

Action                   |  1- 3 |  4- 6 |  7- 9 | 10-12 || total
-------------------------+-------+-------+-------+-------++-------
Melee: Unarmed           |   121 |   215 |   405 |   633 ||  1374
       Hand axe          |       |       |       |     6 ||     6
Throw: Javelin           |       |       |       |     3 ||     3
Invok: Depart the Abyss  |     1 |       |       |       ||     1
       Banish            |       |     1 |     3 |    22 ||    26
       Bend Space        |       |       |     1 |       ||     1
Evoke: Wand              |       |       |     3 |     1 ||     4
  Use: Potion            |       |     2 |     2 |     1 ||     5
       Scroll            |       |    13 |     6 |    11 ||    30
  Eat: Chunk             |    10 |    15 |    32 |    90 ||   147
